 Dungeon Crawl Stone Soup version 0.29.1-2-gbd0b4ee654 (webtiles) character file.

Game seed: 13950341759370305844

30471 cdecastro the Carver (level 13, -8/72 HPs)
             Began as a Vine Stalker Enchanter on Nov 14, 2022.
             Was a High Priest of Wu Jian.
             Mangled by a skeletal warrior
             ... wielding a +0 war axe
              (11 damage)
             ... on level 14 of the Dungeon.
             The game lasted 01:03:46 (14533 turns).

cdecastro the Carver (Vine Stalker Enchanter)      Turns: 14533, Time: 01:03:46

Health: -8/72      AC: 10    Str: 12    XL:     13   Next: 51%
Magic:  0/17       EV: 14    Int: 17    God:    Wu Jian [*****.]
Gold:   178        SH:  0    Dex: 17    Spells: 11/16 levels left

rFire   . . .      SeeInvis .   b - +9 scimitar of Departure {drain, Will+}
rCold   + . .      Faith    .   (no shield)
rNeg    . . .      Spirit   +   J - +1 robe {Will+}
rPois   .          Reflect  .   f - +0 helmet
rElec   .          Harm     .   y - scarf {repulsion}
rCorr   .          Rampage  .   S - +0 pair of gloves
Will    +++..                   N - +0 pair of boots
Stlth   +++++.....              w - amulet of regeneration
HPRegen 1.82/turn               F - +4 ring of protection
MPRegen 0.15/turn               i - ring of protection from cold

@: confusing by touch, repel missiles
A: fangs 3, regeneration 1, magic shield, antimagic bite, no potion heal 2
a: Renounce Religion, Wall Jump, Serpent's Lash, Heavenly Storm


You were on level 14 of the Dungeon.
You worshipped Wu Jian.
Wu Jian was extremely pleased with you.
You visited 2 branches of the dungeon, and saw 15 of its levels.

You collected 934 gold pieces.
You spent 756 gold pieces at shops.

Inventory:

Hand Weapons
 a - a +1 dagger of electrocution
 b - the +9 scimitar of Departure (weapon) {drain, Will+}
   (You bought it in a shop on level 5 of the Dungeon)

   A truly terrible weapon, it drains the life of any living foe it strikes.
   Will:      It increases your willpower.
Missiles
 m - 39 poisoned darts
 G - 10 boomerangs
 K - 2 throwing nets
 W - 3 curare-tipped darts
Armour
 f - a +0 helmet (worn)
 y - a scarf of repulsion (worn)
 z - a +2 ring mail of willpower
 J - a +1 robe of willpower (worn)
 N - a +0 pair of boots (worn)
 O - a +1 robe of fire resistance
 R - an orb of mayhem
 S - a +0 pair of gloves (worn)
 Y - a +0 troll leather armour
Magical Staves
 r - a staff of earth
Jewellery
 d - the ring "Beozuru" {rN+ Str+4 Int-5 Dex+3 SInv}
   (You acquired it on level 9 of the Dungeon)

   [ring of see invisible]

   Str:       It affects your strength (+4).
   Int:       It affects your intelligence (-5).
   Dex:       It affects your dexterity (+3).
   rN:        It protects you from negative energy.
   SInv:      It lets you see invisible.
 i - a ring of protection from cold (right hand)
 p - a ring of fire
 v - an amulet of the acrobat
 w - an amulet of regeneration (around neck)
 x - a ring of willpower
 F - a +4 ring of protection (left hand)
 L - a ring of positive energy
Wands
 h - a wand of iceblast (2)
 k - a wand of light (19)
 o - a wand of mindburst (5)
 Q - a wand of digging (10)
 Z - a wand of charming (6)
Scrolls
 j - 12 scrolls of teleportation {unknown}
 n - 5 scrolls of amnesia {unknown}
 q - 2 scrolls of magic mapping {unknown}
 s - a scroll of summoning
 u - 4 scrolls of enchant armour
 D - 3 scrolls of fear
 H - a scroll of blinking
 I - a scroll of silence
 M - a scroll of poison
 T - 3 scrolls of butterflies
 U - a scroll of torment
 V - 3 scrolls of vulnerability
Potions
 c - 2 potions of invisibility
 e - 3 potions of haste
 g - 9 potions of curing
 l - 3 potions of might
 t - 3 potions of magic
 A - a potion of cancellation
 B - 7 potions of attraction
 C - 3 potions of mutation
 E - 5 potions of flight
 P - 3 potions of brilliance
 X - 2 potions of berserk rage


   Skills:
 - Level 10.0 Fighting
 - Level 0.8(9.0) Short Blades
 - Level 13.9(14.0) Long Blades
 + Level 3.4 Armour
 - Level 5.0 Dodging
 - Level 10.0 Stealth
 - Level 2.1 Spellcasting
 - Level 7.0 Hexes
 - Level 5.0 Evocations


You had 11 spell levels left.
You knew the following spells:

 Your Spells              Type           Power      Damage    Failure   Level
a - Ensorcelled Hibernat  Hex/Ice        26%        N/A       7%          2
b - Confusing Touch       Hex            25%        N/A       3%          3

Your spell library contained the following spells:

 Spells                   Type           Power      Damage    Failure   Level
 Tukima's Dance           Hex            25%        N/A       3%          3
 Dazzling Flash           Conj/Hex       26%        N/A       14%         3
 Inner Flame              Hex/Fire       13%        N/A       14%         3
 Portal Projectile        Hex/Tloc       26%        N/A       14%         3
 Foxfire                  Conj/Fire      4%         2x1d4     19%         1
 Freeze                   Ice            4%         1d3       19%         1
 Sandblast                Erth           2%         2d4       19%         1
 Passwall                 Tmut/Erth      0%         N/A       28%         2
 Fulminant Prism          Conj/Hex       6%         3d7       41%         4
 Leda's Liquefaction      Hex/Erth       6%         N/A       41%         4
 Call Canine Familiar     Summ           1%         N/A       50%         3
 Conjure Flame            Conj/Fire      1%         6-21      50%         3
 Frozen Ramparts          Ice            2%         1d1       50%         3
 Gell's Gravitas          Tloc           1%         N/A       50%         3
 Lesser Beckoning         Tloc           1%         N/A       50%         3
 Stone Arrow              Conj/Erth      2%         3d7       50%         3
 Teleport Other           Tloc           1%         N/A       50%         3
 Flame Wave               Conj/Fire      1%         2d4       88%         4
 Hailstorm                Conj/Ice       1%         3d3       88%         4
 Iskenderun's Mystic Bla  Conj/Tloc      1%         2d3       88%         4
 Fireball                 Conj/Fire      0%         3d3       99%         5
 Lee's Rapid Deconstruct  Erth           0%         3d5*      99%         5
 Starburst                Conj/Fire      0%         6d3       100%        6
 Ignition                 Fire           0%         3d3       100%        8


Dungeon Overview and Level Annotations

Branches:
Dungeon (14/15)            Temple (1/1) D:6            Lair (0/5) D:8
    Orc (0/2) D:12         Vaults (0/5) D:14

Altars:
Ashenzari
Cheibriados
Dithmenos
Elyvilon
Fedhas
Gozag
Hepliaklqana
Kikubaaqudgha
Makhleb
Nemelex Xobeh
Okawaru
Qazlal
Ru
Sif Muna
Trog
Uskayaw
Vehumet
Wu Jian
Xom
Yredelemnul
Zin
The Shining One

Shops:
D:5 *((   D:9 **   D:14 **=

Annotations:
D:12 hydras, cyclops
D:13 3 runed translucent doors, Unie's ghost, journeyman GnWr


Innate Abilities, Weirdness & Mutations

You have razor-sharp teeth.
Your natural rate of healing is unusually fast.
When hurt, damage is shared between your health and your magic reserves.
Your bite disrupts and absorbs the magic of your enemies.
Potions cannot restore your health.


Message History

The skeletal warrior barely misses you.
Unknown command.
You slash the skeletal warrior!
The skeletal warrior is severely damaged.
Unknown command.
You hit the skeletal warrior but do no damage.
Your bite misses the skeletal warrior.
The skeletal warrior is severely damaged.
The skeletal warrior hits you with a +0 long sword!!
* * * LOW HITPOINT WARNING * * *
Unknown command.
Unknown command.
You barely miss the skeletal warrior. Your bite misses the skeletal warrior.
The skeletal warrior is severely damaged.
The skeletal warrior hits you with a +0 long sword!
* * * LOW HITPOINT WARNING * * *
Unknown command.
You slash the skeletal warrior!
The skeletal warrior is almost destroyed.
Unknown command.
You slash the skeletal warrior!
You destroy the skeletal warrior!
The Council accepts your kill.
Unknown command.
You hit the skeletal warrior. Your bite misses the skeletal warrior.
The skeletal warrior is heavily damaged.
The skeletal warrior hits you with a +0 war axe!
* * * LOW HITPOINT WARNING * * *
Unknown command.
Casting: Ensorcelled Hibernation (safe; 7% risk of failure)
Confirm with . or Enter, or press ? or * to list all spells.
Your hands begin to glow red.
The skeletal warrior hits you with a +0 war axe!!
* * * LOW HITPOINT WARNING * * *
Unknown command.
As you read the scroll of fear, it crumbles to dust.
You assume a fearsome visage.
The green ugly thing looks frightened!
The efreet looks frightened!
The skeletal warrior is unaffected. x2
The skeletal warrior hits you with a +0 war axe!
You die...

#....#####[...#......#
#....+...##.#.#.######
#....###......#........
#......#..#.#.#.#######
#.........#.#.###
#....#..#...#..
#....#..#####.##
###...........#
##.##@#######
#.##z########
#.#○z.☼......
#.#R○.u......
#......u... #...?..[...
#.......... #.........(
#..........


You could see a green ugly thing (fleeing), 2 skeletal warriors and an efreet
(fleeing).

Vanquished Creatures
  4 hydras
  A vault guard (D:14)
  5 centaur warriors
  2 two-headed ogres
  2 skeletal warriors (D:14)
  A wizard (D:14)
  2 necromancers (D:14)
  2 cyclopes
  4 ugly things
  A manticore (D:12)
  A kobold demonologist (D:12)
  2 komodo dragons (D:8)
  An unseen horror (D:11)
  4 trolls
  A hornet (D:7)
  A vampire (D:11)
  3 wyverns
  3 shadows
  A water elemental (D:12)
  Eustachio (D:6)
  21 humans (D:14)
  5 wraiths
  2 basilisks (D:8)
  27 yaks
  A basilisk (shapeshifter) (D:13)
  3 steam dragons
  4 vampire mosquitoes (D:13)
  Duvessa (D:5)
  2 sky beasts
  An ice beast (D:7)
  6 orc warriors
  3 black bears
  3 ogres
  17 centaurs
  5 phantoms
  5 bullfrogs
  4 kobold brigands
  A necrophage (D:5)
  3 gnoll sergeants
  2 scorpions
  5 wights (D:8)
  Dowan (D:5)
  3 electric eels (D:12)
  6 howler monkeys
  A jelly (D:8)
  8 hounds
  3 gnoll boudas
  5 orc priests
  7 iguanas
  10 orc wizards
  5 adders
  20 gnolls
  3 white imps
  An ufetubus (D:5)
  5 worms
  A dart slug (D:1)
  36 orcs
  5 endoplasms
  4 giant cockroaches
  12 goblins
  5 hobgoblins
  7 jackals
  27 kobolds
  5 quokkas
  5 ball pythons
  4 bats
  4 frilled lizards
  8 rats
364 creatures vanquished.

Vanquished Creatures (others)
  A swamp drake (D:8)
1 creature vanquished.

Grand Total: 365 creatures vanquished

Notes
Turn   | Place    | Note
-------+----------+-------------------------------------------
     0 | D:1      | cdecastro the Vine Stalker Enchanter began the quest for
                  | the Orb.
     0 | D:1      | Reached XP level 1. HP: 9/9 MP: 4/4
   123 | D:1      | Reached XP level 2. HP: 13/13 MP: 6/6
   250 | D:1      | Found a faded altar of an unknown god.
   382 | D:1      | Learned a level 2 spell: Ensorcelled Hibernation
   696 | D:1      | Reached XP level 3. HP: 16/16 MP: 7/7
  2363 | D:2      | Gained mutation: Your natural rate of healing is unusually
                  | fast. [Vine Stalker growth]
  2363 | D:2      | Reached XP level 4. HP: 21/21 MP: 8/8
  2715 | D:3      | Reached skill level 5 in Hexes
  3209 | D:3      | Learned a level 3 spell: Confusing Touch
  3682 | D:4      | Reached XP level 5. HP: 24/24 MP: 6/9
  4168 | D:4      | Reached XP level 6. HP: 8/28 MP: 1/10
  4389 | D:4      | Noticed an orc warrior
  4400 | D:5      | Entered Level 5 of the Dungeon
  4400 | D:5      | Found Hewikyha's Assorted Antiques.
  4496 | D:5      | Noticed a black bear
  4935 | D:5      | Noticed Dowan
  5027 | D:5      | Killed Dowan
  5028 | D:5      | Reached skill level 5 in Stealth
  5028 | D:5      | Reached XP level 7. HP: 30/32 MP: 7/11
  5060 | D:5      | Noticed Duvessa
  5210 | D:5      | Found Gibenn's Weapon Boutique.
  5275 | D:5      | Found Mith's Antique Weapon Shoppe.
  5358 | D:5      | Bought an encrusted scimitar for 243 gold pieces
  5358 | D:5      | Identified the +9 scimitar of Departure {drain, Will+} (You
                  | bought it in a shop on level 5 of the Dungeon)
  5555 | D:5      | Gained mutation: You have razor-sharp teeth. [Vine Stalker
                  | growth]
  5555 | D:5      | Reached XP level 8. HP: 25/36 MP: 6/12
  5731 | D:6      | Found a staircase to the Ecumenical Temple.
  5743 | Temple   | Entered the Ecumenical Temple
  5761 | Temple   | Became a worshipper of the Wu Jian Council
  5869 | D:6      | Noticed Eustachio
  5874 | D:6      | Killed Eustachio
  5875 | D:6      | Reached skill level 10 in Stealth
  5875 | D:6      | Reached skill level 2 in Long Blades
  6091 | D:6      | Reached skill level 3 in Long Blades
  6328 | D:6      | Reached skill level 4 in Long Blades
  6457 | D:6      | Reached skill level 5 in Long Blades
  6457 | D:6      | Reached XP level 9. HP: 26/39 MP: 10/13
  6642 | D:6      | Reached skill level 6 in Long Blades
  6836 | D:7      | Reached * piety under Wu Jian
  6937 | D:7      | Noticed a hornet
  6964 | D:7      | Killed a hornet
  6965 | D:7      | Reached skill level 7 in Long Blades
  7004 | D:7      | Reached skill level 8 in Long Blades
  7559 | D:7      | Reached ** piety under Wu Jian
  7620 | D:7      | Found a glowing golden altar of the Shining One.
  7620 | D:7      | Found a glowing silver altar of Zin.
  7620 | D:7      | Found a white marble altar of Elyvilon.
  7904 | D:8      | Reached skill level 9 in Long Blades
  7928 | D:8      | Reached XP level 10. HP: 44/44 MP: 14/14
  8034 | D:8      | Found a snail-covered altar of Cheibriados.
  8224 | D:8      | Reached skill level 10 in Long Blades
  8584 | D:8      | Reached skill level 11 in Long Blades
  8603 | D:8      | Reached *** piety under Wu Jian
  8730 | D:8      | Found a staircase to the Lair.
  8831 | D:8      | Found a bloodstained altar of Trog.
  8831 | D:8      | Found an iron altar of Okawaru.
  8831 | D:8      | Found a burning altar of Makhleb.
  8831 | D:8      | Found a sacrificial altar of Ru.
  9249 | D:9      | Reached skill level 12 in Long Blades
  9347 | D:9      | Found Baymoata's General Store.
  9356 | D:9      | Reached XP level 11. HP: 47/47 MP: 15/15
  9358 | D:9      | Bought a scroll of blinking for 75 gold pieces
  9358 | D:9      | Bought a potion of brilliance for 40 gold pieces
  9358 | D:9      | Bought a scroll of torment for 95 gold pieces
  9358 | D:9      | Bought a potion of lignification for 30 gold pieces
  9358 | D:9      | Bought a scroll of vulnerability for 40 gold pieces
  9742 | D:9      | Found Enuowieh's Overcharged Wands.
  9798 | D:9      | Reached skill level 13 in Long Blades
  9812 | D:9      | Reached **** piety under Wu Jian
 10354 | D:5      | Killed Duvessa
 10396 | D:5      | Found a broken altar of Ashenzari.
 10662 | D:5      | Bought a sedimented brown potion for 18 gold pieces
 10662 | D:5      | Bought 2 sapphire potions for 37 gold pieces
 10662 | D:5      | Bought a scroll labelled LYTRUR UTYMIYRPH for 21 gold
                  | pieces
 10662 | D:5      | Bought a scroll labelled SAODAOCKUF for 21 gold pieces
 10662 | D:5      | Bought a scroll labelled GUH TUTHRABOUJ for 21 gold pieces
 10777 | D:10     | Entered Level 10 of the Dungeon
 11004 | D:10     | Found an ancient bone altar of Kikubaaqudgha.
 11004 | D:10     | Found a basalt altar of Yredelemnul.
 11004 | D:10     | Found a shimmering altar of Xom.
 11027 | D:10     | Reached skill level 1 in Fighting
 11422 | D:10     | Noticed a two-headed ogre
 11429 | D:10     | Killed a two-headed ogre
 11639 | D:11     | Noticed a cyclops
 11641 | D:11     | Killed a cyclops
 12163 | D:12     | Noticed a five-headed hydra
 12172 | D:11     | Reached skill level 5 in Fighting
 12172 | D:11     | Reached XP level 12. HP: 36/60 MP: 13/16
 12279 | D:12     | Found a staircase to the Orcish Mines.
 12280 | D:12     | Noticed a two-headed ogre
 12539 | D:12     | Noticed a sun demon
 12543 | D:12     | Reached ***** piety under Wu Jian
 12560 | D:12     | Killed a two-headed ogre
 12787 | D:12     | Noticed a five-headed hydra
 12829 | D:12     | Killed a five-headed hydra
 12832 | D:12     | HP: 2/63 [five-headed hydra (9)]
 12847 | D:12     | HP: 1/63 [cyclops/large rock (28)]
 13151 | D:13     | Noticed a centaur warrior
 13166 | D:13     | Killed a centaur warrior
 13221 | D:13     | Found a runed translucent gate.
 13222 | D:13     | Found a runed translucent gate.
 13222 | D:13     | Found an opulent altar of Gozag.
 13223 | D:13     | Found a runed translucent gate.
 13225 | D:13     | Noticed a boulder beetle
 13234 | D:13     | Noticed a centaur warrior
 13236 | D:13     | Noticed a centaur warrior
 13236 | D:13     | Noticed Unie's ghost (journeyman GnWr)
 13306 | D:13     | Noticed a six-headed hydra
 13324 | D:13     | Killed a six-headed hydra
 13373 | D:13     | Noticed a centaur warrior
 13381 | D:13     | Killed a centaur warrior
 13707 | D:9      | Bought a scroll of enchant armour for 75 gold pieces
 13707 | D:9      | Bought a scroll of vulnerability for 40 gold pieces
 13711 | D:9      | Identified a scroll of acquirement
 13712 | D:9      | Acquired the ring "Beozuru" {rN+ Str+4 Int-5 Dex+3 SInv}
 13916 | D:14     | Reached skill level 10 in Fighting
 13944 | D:14     | Reached skill level 1 in Evocations
 13996 | D:14     | Reached XP level 13. HP: 71/72 MP: 17/17
 13998 | D:14     | Noticed a vault guard
 14016 | D:14     | Killed a vault guard
 14017 | D:14     | Reached skill level 5 in Evocations
 14031 | D:14     | Found a gate to the Vaults.
 14081 | D:14     | Found Qoly's Jewellery Emporium.
 14311 | D:14     | Found Teixti's Assorted Antiques.
 14354 | D:14     | Found Kydgheaf's General Store.
 14406 | D:14     | Reached skill level 5 in Dodging
 14412 | D:14     | Reached skill level 1 in Armour
 14532 | D:14     | HP: 1/72 [skeletal warrior/+0 war axe (19)]
 14533 | D:14     | Mangled by a skeletal warrior

Illustrated notes

Levels and vault maps discovered:
D:1:      minmay_arrival_five_plusses, layout_basic,
          ebering_ecumenical_altar_webs, fountainhead
D:2:      layout_basic
D:3:      layout_loops_ring
D:4:      layout_basic, chequers_garden
D:5:      layout_loops_ring, evilmike_ruin_ashenzari, serial_shops, shop,
          nicolae_shop_window_shopping, nicolae_shop_waterfront, uniq_duvessa
D:6:      minmay_chambers_of_threes, layout_basic,
          minmay_temple_entry_butterflies, feat_on_display, uniq_eustachio
D:7:      layout_basic, good_gods_mini_temple, minmay_bent
D:8:      layout_basic, cheibrodos_worm_habitat,
          chequers_temple_overflow_statue_of_worship, erik_lair_dragon
D:9:      layout_basic, serial_shops, shop, nicolae_shop_overcharged_wands
D:10:     layout_loops_ring, gammafunk_temple_overflow_forgotten
D:11:     layout_cave_pools, nicolae_titane
D:12:     layout_basic, david_orc_3
D:13:     layout_cave_pools, ebering_ghost_gozag
D:14:     layout_basic, grunt_vaults_entry_tiered, hangedman_decor_peaks_small,
          serial_shops, shop, nicolae_shop_stone, kennysheep_mini,
          nicolae_shop_crystal, grunt_dithmenos_shadows
Temple:   hellmonk_temple_rainy

Skill      XL: |  1  2  3  4  5  6  7  8  9 10 11 12 13 |
---------------+----------------------------------------+-----
Hexes          | 4 5 6 7 |  7.0
Stealth        | 5 8 10 | 10.0
Long Blades    | 5 9 12 13 | 13.9
Fighting       | 5 10 | 10.0
Evocations     | 4 5 |  5.0
Dodging        | 5 |  5.0
Armour         | 3 |  3.4
Short Blades   | |  0.8
Spellcasting   | |  2.1

Action                   |  1- 3 |  4- 6 |  7- 9 | 10-12 | 13-15 || total
-------------------------+-------+-------+-------+-------+-------++-------
Melee: Dagger            |   121 |    79 |   131 |    68 |    20 ||   419
       Bite              |    21 |    20 |    64 |   183 |    40 ||   328
       Punch             |       |     1 |     4 |     5 |     5 ||    15
       Scimitar          |       |       |    85 |   470 |    94 ||   649
       Short sword       |       |       |       |    32 |       ||    32
Throw: Dart              |       |     2 |       |     1 |     1 ||     4
 Cast: Ensorcelled Hiber |    20 |    37 |    18 |     7 |     2 ||    84
       Confusing Touch   |       |     1 |     6 |    11 |     4 ||    22
Invok: Lunge             |       |       |    17 |    53 |     3 ||    73
       Whirlwind         |       |       |     5 |    21 |       ||    26
 Abil: Wall Jump         |       |       |       |     2 |       ||     2
Evoke: Wand              |       |     1 |       |    14 |       ||    15
  Use: Potion            |       |       |     2 |       |       ||     2
       Scroll            |       |       |       |    20 |     2 ||    22
 Stab: Sleeping          |    19 |    28 |    17 |    22 |     1 ||    87
       Distracted        |     1 |       |       |       |     1 ||     2
       Confused          |       |     1 |     6 |     9 |     4 ||    20
       Invisible         |       |       |     9 |       |       ||     9
Armor: Robe              |    26 |    17 |    51 |   100 |    44 ||   238
Dodge: Dodged            |    75 |    36 |   144 |   179 |    77 ||   511
       Repelled          |       |       |     1 |     1 |       ||     2
